 Dungeon Crawl Stone Soup version 0.27-a0-1525-g1038ab4fd7 (webtiles) character file.

Game seed: 17036136397755621363

129 hatdisgam the Slasher (level 5, -2/27 HPs)
             Began as a Vine Stalker Fighter on July 11, 2021.
             Was a Follower of Makhleb.
             Slain by Crazy Yiuf (3 damage)
             ... on level 3 of the Dungeon.
             The game lasted 00:03:01 (2559 turns).

hatdisgam the Slasher (Vine Stalker Fighter)        Turns: 2559, Time: 00:03:01

Health: -2/27      AC: 10    Str: 18    XL:     5   Next: 12%
Magic:  0/6        EV:  7    Int:  9    God:    Makhleb [*.....]
Gold:   106        SH:  9    Dex: 14    Spells: 4/4 levels left

rFire    . . .     SeeInvis .   a - +0 long sword
rCold    . . .     Faith    .   c - +0 kite shield
rNeg     . . .     Spirit   +   b - +0 scale mail
rPois    .         Reflect  .   (no helmet)
rElec    .         Harm     .   (no cloak)
rCorr    .         Rampage  .   (no gloves)
Will     .....                  (no boots)
Stlth    ..........             (no amulet)
HPRegen  1.09/turn              n - +4 ring of protection
MPRegen  0.10/turn              (no ring)

@: mighty, lethally poisoned (-2 -> -6)
A: fangs 2, regeneration 1, magic shield, antimagic bite, no potion heal 2
a: Renounce Religion


You were on level 3 of the Dungeon.
You worshipped Makhleb.
Makhleb was aware of your devotion.
You visited 1 branch of the dungeon, and saw 3 of its levels.

You collected 106 gold pieces.

Inventory:

Hand Weapons
 a - a +0 long sword (weapon)
 h - a +0 dagger
 j - a +0 hunting sling
 k - a +0 hunting sling of freezing
 q - a +2 whip of electrocution
Missiles
 g - 45 stones (quivered)
 m - 2 boomerangs
 o - 33 sling bullets
 r - 26 bolts
 s - 17 arrows
Armour
 b - a +0 scale mail (worn)
 c - a +0 kite shield (worn)
Jewellery
 n - a +4 ring of protection (left hand)
Scrolls
 e - 4 scrolls of identify {unknown}
 f - 3 scrolls of teleportation {unknown}
 i - 2 scrolls of magic mapping {unknown}
Potions
 p - a potion of ambrosia {unknown}


   Skills:
 - Level 2.6 Fighting
 * Level 3.6 Long Blades
 + Level 1.4 Slings
 - Level 2.4 Armour
 + Level 3.5 Shields


You had 4 spell levels left.
You didn't know any spells.
Your spell library contained the following spells:

 Spells                   Type           Power      Damage    Failure   Level
 Call Imp                 Summ           0%         N/A       100%        2
 Ice Form                 Ice/Tmut       0%         N/A       100%        4
 Summon Ice Beast         Ice/Summ       0%         N/A       100%        4
 Blade Hands              Tmut           0%         N/A       100%        5


Dungeon Overview and Level Annotations

Branches:
Dungeon (3/15)

Altars:
Makhleb
Vehumet

Shops:
D:2 (!

Annotations:
D:3 Crazy Yiuf


Innate Abilities, Weirdness & Mutations

You have extremely sharp teeth.
Your natural rate of healing is unusually fast.
When hurt, damage is shared between your health and your magic reserves.
Your bite disrupts and absorbs the magic of your enemies.
Potions cannot restore your health.


Message History

There is an open door here.
Found a mace.
Found a runed translucent door.
Crazy Yiuf shouts!
There is an open door here.
Found a stone staircase leading down.
There is a stone staircase leading down here.
You see here a +0 mace.
There is an open door here.
There is an open door here.
Key pressed, stopping explore.
There is an open door here.
You open the door.
There is an open door here.
You open the door.
There is an open door here.
There is an open door here.
There is a stone staircase leading up here.
There is an open door here.
Could not explore, unopened runed door.
Could not explore, unopened runed door.
You feel very mighty all of a sudden.
You open the door. You barely miss Crazy Yiuf.
Crazy Yiuf hits you with a +2 quarterstaff of chaos.
You are electrocuted!
Ouch! That really hurt!
You closely miss Crazy Yiuf.
Crazy Yiuf hits you with a +2 quarterstaff of chaos.
* * * LOW HITPOINT WARNING * * *
You block Crazy Yiuf's attack.
You slash Crazy Yiuf!
Crazy Yiuf is moderately wounded.
Crazy Yiuf hits you with a +2 quarterstaff of chaos.
* * * LOW HITPOINT WARNING * * *
You are lethally poisoned!
It was a potion of magic.
Magic courses through your body.
* * * LOW HITPOINT WARNING * * *
You feel very sick.
Crazy Yiuf hits you with a +2 quarterstaff of chaos!
You die...

##...........##.###P####.# #.##
##...........##..........#####...
.+..........>......####..........
.#......############ ##.........
........# #.#####...
.....########## #.........
.....'......#.### ### #.####....
.....#.....P.#..##...# #.# #....
.....#....PP####@g...# #.# #.###
.....##...P## ###..)# #.# #.#
############ ### #.# #.# #.# #.#
### #.### #.... #####


You could see Crazy Yiuf.

Vanquished Creatures
  Jessica (D:2)
  2 hound skeletons (D:2)
  An adder (D:3)
  A worm (D:2)
  2 dart slugs
  5 bats
  3 endoplasms
  A giant cockroach (D:1)
  4 goblins
  8 hobgoblins
  8 jackals
  3 quokkas
  4 ball pythons
  4 frilled lizards
  8 kobolds
  4 rats
59 creatures vanquished.

Notes
Turn   | Place    | Note
-------+----------+-------------------------------------------
     0 | D:1      | hatdisgam the Vine Stalker Fighter began the quest for the
                  | Orb.
     0 | D:1      | Reached XP level 1. HP: 11/11 MP: 2/2
     7 | D:1      | Noticed a wyvern
     7 | D:1      | Noticed a black bear
     7 | D:1      | Noticed a black mamba
     8 | D:1      | Noticed a swamp worm
     8 | D:1      | Noticed an iguana
   156 | D:1      | Reached XP level 2. HP: 16/16 MP: 3/3
   512 | D:1      | Found a faded altar of an unknown god.
   782 | D:2      | Noticed Jessica
   797 | D:2      | Killed Jessica
   798 | D:2      | Reached XP level 3. HP: 6/19 MP: 1/4
  1043 | D:2      | Found a burning altar of Makhleb.
  1124 | D:2      | Reached skill level 1 in Slings
  1124 | D:2      | Gained mutation: Your natural rate of healing is unusually
                  | fast. [Vine Stalker growth]
  1124 | D:2      | Reached XP level 4. HP: 23/23 MP: 5/5
  1131 | D:2      | Became a worshipper of Makhleb the Destroyer
  1166 | D:2      | Got Urastea's Handbook of the Shifting Entourage
  1190 | D:2      | Found Irrut Ewat's Weapon Boutique.
  1317 | D:2      | Found Zonoir's Distillery.
  1522 | D:2      | Reached * piety under Makhleb
  1764 | D:3      | Found a radiant altar of Vehumet.
  1958 | D:3      | Reached XP level 5. HP: 27/27 MP: 6/6
  2341 | D:3      | Found a runed translucent door.
  2342 | D:3      | Noticed Crazy Yiuf
  2559 | D:3      | HP: 1/27 [poisoned by Crazy Yiuf]
  2559 | D:3      | Slain by Crazy Yiuf

Illustrated notes

Levels and vault maps discovered:
D:1:      onia_arrival_zoo_common, layout_loops_ring,
          shapermc_ecumenical_altar_ellora
D:2:      layout_loops_cross, basic_altar, serial_shops, shop,
          nicolae_shop_crystal, uniq_jessica
D:3:      cheibrodos_old_hovel, layout_basic, amcnicky_altar_gilded,
          uniq_crazy_yiuf_cottage

Skill      XL: |  1  2  3 |
---------------+----------+-----
Long Blades    | 2 3 |  3.6
Shields        | 3 |  3.5
Slings         | 1 |  1.4
Fighting       | |  2.6
Armour         | |  2.4

Action                   |  1- 3 |  4- 6 || total
-------------------------+-------+-------++-------
Melee: Long sword        |    44 |   107 ||   151
       Bite              |    14 |    25 ||    39
  Use: Potion            |       |     2 ||     2
Armor: Scale mail        |    14 |    52 ||    66
Dodge: Dodged            |    19 |    42 ||    61
Block: Kite shield       |    16 |    68 ||    84
       Rpst.: Long sword |     6 |    15 ||    21

Table legend: (Time is in decaauts)
 A = Elapsed time spent in this place.
 B = Non-inter-level travel time spent in this place.
 C = Inter-level travel time spent in this place.
 D = Time resting spent in this place.
 E = Time spent auto-exploring this place.
 F = Levels seen in this place.
 G = Mean time per level.
                   A        B        C        D        E       F      G
               +--------+--------+--------+--------+--------+-----+--------+
         Total |   2630 |   2568 |     62 |    217 |   1958 |   3 |  876.7 |
       Dungeon |   2630 |   2568 |     62 |    217 |   1958 |   3 |  876.7 |
               +--------+--------+--------+--------+--------+-----+--------+

Top non-repeatable levels by time:
     D:2: 952 daAuts
     D:3: 885 daAuts
     D:1: 792 daAuts
